Unix NetHack Version 5.0.0-0 post-release - last build Jun 10 2026 00:39:30 (3ee93aec679c4c4259841fe613dc97188e26a321,branch:main).

Game began 2026-07-02 23:14:12, ended 2026-07-02 23:42:27.

ARFwashere, neutral male human Archeologist

 -------
 |>...{|                   --------------       --------------
 |.....|                   |............|       |.....{......|         -------
 |.....|                ###.............|      #.............|#########[.....|
 |.....|     -------    #  |.............      #|............|#        |.....|
 |.....|     |.....|    #  ---------.----      #|............|#        |.....|
 ----|--     |.....-##  #    #      ##   ##    #-----.--------#        --|----
     #      #....^.| ############    ##########################          #
    ##      #|..(..|   ##       ################        #                #
    ##      :|.....|  ##       ###    #       ###       #        ###  ####
    ###    @#|......###########(######0####     #       #       ##-|--|-----
    # #  #e# -------             ---------.-----#    ---.-        |........|
   -+-.-##                       |.............|#    |...|        |........|
   |..^.#                        |.............|#    |...|      ##.........|
   |.<.|                         |..............#    |{...        |........|
   |...|                         |.............|     |...|        ----------
   |...|                         |.............|     -----
   -----                         ---------------

ARFwashere the Field Worker  St:14 Dx:10 Co:16 In:15 Wi:14 Ch:9  Neutral
Dlvl:4  $:171 HP:0(46) Pw:25(25) AC:2  Xp:5 T:4469  Burdened

Latest messages:
 In what direction do you want to dig? [hyulnjb>] j
 You start chopping at the door.
 You hit the door with all your might.
 You break through the door with your broad pick.
 What do you want to dip? [ad-imo-qs-yB-EGHJ-MO-QST or ?*] ?
 What do you want to dip? [ad-imo-qs-yB-EGHJ-MO-QST or ?*] <enter>
 Never mind.
 You miss the floating eye.
 You are frozen by the floating eye's gaze!
 You hear bubbling water.
 The gecko bites!
 The gecko misses!
 The gecko bites!
 The gecko bites!
 The gecko bites!
 The gecko bites!
 The gecko bites!
 The gecko bites!
 The gecko just misses!
 The gecko bites!
 The gecko misses!
 The gecko bites!
 The gecko bites!
 The gecko bites!
 The gecko bites!
 The gecko bites!
 The gecko just misses!
 The gecko bites!
 The gecko bites!
 The gecko bites!
 The gecko bites!
 The gecko bites!
 The gecko bites!
 The gecko bites!
 The gecko bites!
 The gecko bites!
 The gecko bites!
 The gecko bites!
 The gecko just misses!
 The gecko bites!
 The gecko bites!
 The gecko bites!
 The gecko bites!
 The gecko bites!
 The gecko misses!
 The gecko bites!
 The gecko misses!
 The gecko bites!
 You die...
 Do you want your possessions identified? [ynq] (y) q

Inventory:
 Coins    ('$')
  $ - 171 gold pieces
 Weapons  (')')
  M - a blessed +1 elven dagger
  a - a +2 bullwhip (alternate weapon; not wielded)
  e - a +0 dwarvish mattock (weapon in hands)
 Armor    ('[')
  Q - a cursed -1 dwarvish iron helm (being worn)
  C - an uncursed +0 pair of iron shoes (being worn)
  T - an uncursed +0 cloak of protection (being worn)
  B - an uncursed +0 dwarvish cloak
  n - an uncursed +0 leather armor (being worn)
 Comestibles  ('%')
  G - an uncursed carrot
  O - an uncursed eucalyptus leaf
  d - 3 uncursed food rations
  m - 2 uncursed lembas wafers
  y - a cursed tripe ration
 Scrolls  ('?')
  o - an uncursed scroll of create monster
  u - an uncursed scroll of enchant weapon
  t - a blessed scroll of gold detection
  p - 3 uncursed scrolls of identify
  D - an uncursed scroll of teleportation
 Potions  ('!')
  v - an uncursed potion of confusion
  q - 2 uncursed potions of extra healing
  x - an uncursed potion of gain ability
  P - 2 uncursed potions of healing
  s - a blessed potion of monster detection
  H - an uncursed potion of see invisible
  S - an uncursed potion of speed
  L - an uncursed potion of water
 Wands    ('/')
  E - a wand of sleep (0:3)
 Tools    ('(')
  h - an empty uncursed sack
  K - an uncursed magic lamp
  i - a magic marker (0:22)
  w - an uncursed magic whistle
  J - a cursed oil lamp
  f - a tinning kit (0:54)
 Gems/Stones  ('*')
  g - an uncursed touchstone

ARFwashere the Archeologist's attributes:

Background:
 You were a Field Worker, a level 5 male human Archeologist.
 You were neutral, on a mission for Camaxtli
 who was opposed by Quetzalcoatl (lawful) and Huhetotl (chaotic).
 You were right-handed.
 You were in the Dungeons of Doom, on level 4.
 You entered the dungeon 4469 turns ago.
 It was nighttime.
 There was a full moon in effect when your adventure ended.
 You had 310 experience points, 10 more were needed to attain level 6.

Basics:
 You had 0 out of 46 hit points.
 You had all 25 energy points (spell power).
 Your armor class was 2.
 Your wallet contained 171 zorkmids.
 Autopickup was on for '$' plus thrown.

Final Characteristics:
 Your strength was 14 (limit:18/100).
 Your dexterity was 10 (limit:18).
 Your constitution was 16 (limit:18).
 Your intelligence was 15 (limit:18).
 Your wisdom was 14 (limit:18).
 Your charisma was 9 (limit:18).

Final Status:
 You weren't hungry.
 You were burdened; movement was slightly slowed.
 You were wielding a mattock.
 You were skilled in pick-axe.

Final Attributes:
 You were piously aligned.
 You were poison resistant.
 You had automatic searching.
 You were stealthy.
 You were protected.
 You were lucky.
 You are dead.

Miscellaneous:
 You didn't encounter any bones levels.
 Total elapsed playing time was 28 minutes and 14 seconds.

Major events:
 Turn
    1: ARFwashere the neutral male human Archeologist entered the dungeon
  573: entered the Gnomish Mines
 1177: attained the rank of Field Worker (level 3)
 4469: killed by a gecko, while frozen by a floating eye's gaze

You didn't know any spells.

Skills:
 Fighting Skills
   bare handed combat [Unskilled]
   two weapon combat  [Unskilled]
   riding             [Unskilled]
 Weapon Skills
   dagger             [Unskilled]
   knife              [Unskilled]
   pick-axe           [Skilled]
   short sword        [Unskilled]
   saber              [Unskilled]
   club               [Unskilled]
   quarterstaff       [Unskilled]
   sling              [Unskilled]
   dart               [Unskilled]
   boomerang          [Unskilled]
   whip               [Basic]
   unicorn horn       [Unskilled]
 Spellcasting Skills
   attack spells      [Unskilled]
   healing spells     [Unskilled]
   divination spells  [Unskilled]
   matter spells      [Unskilled]

Voluntary challenges:
 Character rerolling was not enabled.
 You never genocided any monsters.
 You never polymorphed an object.
 You never changed form.
 You used no wishes.
Achievements:
 You entered the Gnomish Mines.
 You attained the rank of Field Worker.

 The Dungeons of Doom: levels 1 to 4
    Level 1:
       A fountain, a sink.
    Level 2:
       A fountain.
       Stairs down to The Gnomish Mines.
    Level 3:
    Level 4: <- You were here.
       Many fountains.
       Final resting place for
          you, killed by a gecko, while frozen by a floating eye's gaze.
 The Gnomish Mines: levels 3 to 4
    Level 3:
    Level 4:


Vanquished creatures:
  2 gnome leaders
  a little dog
  3 dwarves
  a homunculus
  2 kobold leaders
  2 giant bats
  a dwarf zombie
  a werejackal
  4 iguanas
  2 hobbits
  a hobgoblin
  a giant rat
  4 cave spiders
  2 yellow molds
  a green mold
  a red mold
 13 gnomes
  3 garter snakes
  4 geckos
  3 jackals
  a fox
  2 kobolds
  a goblin
  4 sewer rats
  7 grid bugs
  6 lichens
  4 newts
77 creatures vanquished.

No species were genocided or became extinct.

Game over:
                       ----------
                      /          \
                     /    REST    \
                    /      IN      \
                   /     PEACE      \
                  /                  \
                  |    ARFwashere    |
                  |      171 Au      |
                  |   killed by a    |
                  |      gecko       |
                  |                  |
                  |                  |
                  |       2026       |
                 *|     *  *  *      | *
        _________)/\\_//(\/(/\)/\//\/|_)_______

Goodbye ARFwashere the Archeologist...

You died in The Dungeons of Doom on dungeon level 4 with 1564 points,
and 171 pieces of gold, after 4469 moves.
You were level 5 with a maximum of 46 hit points when you died.

